 Dungeon Crawl Stone Soup version 0.25.1-2-g60ff931df9 (webtiles) character file.

Game seed: 2730445869103202858

256 Curus the Spear-Bearer (level 6, 0/70 HPs)
             Began as a Merfolk Berserker on Nov 6, 2020.
             Was a Believer of Trog.
             Killed from afar by Natasha (5 damage)
             ... with a magic dart
             ... on level 2 of the Dungeon.
             The game lasted 00:08:04 (2315 turns).

Curus the Spear-Bearer (Merfolk Berserker)          Turns: 2315, Time: 00:08:05

Health: 0/70       AC:  5    Str: 18    XL:     6   Next: 15%
Magic:  6/6        EV: 12    Int:  7    God:    Trog [**....]
Gold:   71         SH:  0    Dex: 14    Spells: 5/5 levels left

rFire    . . .     SeeInvis .   a - +0 spear
rCold    . . .     Gourm    .   (no shield)
rNeg     . . .     Faith    .   g - +0 leather armour
rPois    .         Spirit   .   (no helmet)
rElec    .         Reflect  .   (no cloak)
rCorr    .         Harm     .   f - +0 pair of gloves
MR       +....                  i - +0 pair of boots
Stlth    ..........             (no amulet)
HPRegen  0.21/turn              e - ring of protection from magic
MPRegen  0.10/turn              (no ring)

@: berserking, very quick
A: change form in water, swift swim, stealthy swim
a: Berserk, Trog's Hand, Renounce Religion


You were on level 2 of the Dungeon.
You worshipped Trog.
Trog was pleased with you.
You were very hungry.

You visited 1 branch of the dungeon, and saw 2 of its levels.

You collected 71 gold pieces.

Inventory:

Hand Weapons
 a - a +0 spear (weapon)
Armour
 b - a +0 animal skin
 f - a +0 pair of gloves (worn)
 g - a +0 leather armour (worn)
 i - a +0 pair of boots (worn)
Jewellery
 e - a ring of protection from magic (left hand)
Scrolls
 d - a scroll of identify
Comestibles
 c - 5 rations
 h - 2 chunks of flesh


   Skills:
 - Level 3.2 Fighting
 + Level 9.6 Polearms
 - Level 1.3 Armour
 - Level 2.6 Dodging


You had 5 spell levels left.
You didn't know any spells.
Your spell library was empty.

Dungeon Overview and Level Annotations

Branches:
Dungeon (2/15)

Altars:
Nemelex Xobeh
Trog

Annotations:
D:2 Natasha


Message History

* * * LOW HITPOINT WARNING * * *
A red film seems to cover your vision as you go berserk!
You feel yourself moving faster!
You feel mighty!
You are feeling very hungry.
The white imp hits you.
* * * LOW HITPOINT WARNING * * *
The white imp freezes you.
* * * LOW HITPOINT WARNING * * *
Natasha stares at you and mumbles some strange words.
The magic dart hits you!
* * * LOW HITPOINT WARNING * * *
You puncture Natasha!
Natasha is severely wounded.
The white imp gestures at you. The puff of frost misses you.
You closely miss Natasha.
Natasha is severely wounded.
Natasha stares at you and mumbles some strange words.
The magic dart hits you.
You die...

...### #.# #...### ..##
#.# #...... ### #.#
#...### #.# ##.## #.#
#.# #.# #.# #.#
##########.#
#######.####.....)....#
.........@hJ>...########
###.....((5(..).........
#..##.####.##.#.K.....
#.)##.# #.##.#.r.....
#..##.####.##.#..g....
#..........##.#..w....
##.##.#.#####.#.......
#)##.#.# #.#....... #
#.##.# # #.#.......


You could see Natasha, an ooze and a white imp (summoned).

Vanquished Creatures
  Sigmund (D:2)
  Natasha (D:2)
  A gnoll (D:1)
  An adder (D:2)
  An ooze (D:1)
  3 worms (D:2)
  A dart slug (D:1)
  A ball python (D:2)
  A giant cockroach (D:2)
  13 goblins
  4 hobgoblins
  7 kobolds
  2 bats (D:2)
  2 frilled lizards (D:2)
  13 rats
52 creatures vanquished.

Notes
Turn   | Place    | Note
-------+----------+-------------------------------------------
     0 | D:1      | Curus the Merfolk Berserker began the quest for the Orb.
     0 | D:1      | Reached XP level 1. HP: 18/18 MP: 1/1
    69 | D:1      | HP: 1/27 [gnoll/+0 flail (3)]
    70 | D:1      | Reached skill level 5 in Polearms
    70 | D:1      | Reached XP level 2. HP: 2/24 MP: 2/2
   878 | D:1      | Reached skill level 6 in Polearms
   878 | D:1      | Reached XP level 3. HP: 29/29 MP: 3/3
  1057 | D:2      | Reached ** piety under Trog
  1254 | D:2      | Found a sparkling altar of Nemelex Xobeh.
  1418 | D:2      | Reached XP level 4. HP: 35/35 MP: 4/4
  1420 | D:2      | Reached skill level 7 in Polearms
  1471 | D:2      | Noticed Sigmund
  1493 | D:2      | Killed Sigmund
  1493 | D:2      | Reached skill level 9 in Polearms
  1493 | D:2      | Reached XP level 5. HP: 18/41 MP: 5/5
  1882 | D:2      | Noticed Natasha
  1894 | D:2      | Killed Natasha
  1894 | D:2      | Reached XP level 6. HP: 24/47 MP: 6/6
  2086 | D:2      | Noticed a moth of wrath
  2089 | D:2      | Found a bloodstained altar of Trog.
  2301 | D:2      | Noticed Natasha
  2315 | D:2      | Killed from afar by Natasha

Illustrated notes

Levels and vault maps discovered:
D:1:      lemuel_arrival_room, layout_loops_cross
D:2:      layout_loops_ring, tgw_trog, first_ration, nemelex_spade_bored_becter,
          uniq_sigmund, uniq_natasha

Skill      XL: |  1  2  3  4 |
---------------+-------------+-----
Polearms       | 5 6 9 |  9.6
Fighting       | |  3.2
Armour         | |  1.3
Dodging        | |  2.6

Action                   |  1- 3 |  4- 6 || total
-------------------------+-------+-------++-------
Melee: Spear             |    90 |   101 ||   191
Invok: Berserk           |     2 |     1 ||     3
  Use: Scroll            |     4 |     1 ||     5
       Potion            |     2 |     1 ||     3
 Stab: Sleeping          |     1 |     1 ||     2
  Eat: Chunk             |     3 |     3 ||     6
Armor: Animal skin       |     6 |       ||     6
       Leather armour    |       |    11 ||    11
Dodge: Dodged            |    40 |    39 ||    79
